 Dungeon Crawl Stone Soup version 0.27-a0-1147-gb3d8e82157 (webtiles) character file.

Game seed: 3142356007916237752

3248 freelancePsychic the Slicer (level 10, -1/65 HPs)
             Began as a Kobold Berserker on May 11, 2021.
             Was an Elder of Trog.
             Slain by an unseen horror (10 damage)
             ... on level 7 of the Dungeon.
             The game lasted 00:13:57 (7486 turns).

freelancePsychic the Slicer (Kobold Berserker)      Turns: 7486, Time: 00:13:58

Health: -1/65      AC: -2    Str: 16    XL:     10   Next: 19%
Magic:  0/15       EV: 19    Int:  8    God:    Trog [****..]
Gold:   378        SH:  0    Dex: 17    Spells: 9/9 levels left

rFire    . . .     SeeInvis .   a - +2 dagger (drain)
rCold    . . .     Faith    .   (shield restricted)
rNeg     . . .     Spirit   +   k - +4 moon troll leather armour {Spirit, Regen++ MP+5}
rPois    .         Reflect  .   (no helmet)
rElec    .         Harm     .   (no cloak)
rCorr    .         Rampage  .   (no gloves)
Will     .....                  l - +0 pair of boots
Stlth    ++++......             (no amulet)
HPRegen  2.20/turn              (no ring)
MPRegen  0.14/turn              (no ring)

@: corroded, on berserk cooldown, slowed, very slow
A: small, no large weapons, nightstalker 3
a: Renounce Religion, Berserk, Trog's Hand, Brothers in Arms


You were on level 7 of the Dungeon.
You worshipped Trog.
Trog was greatly pleased with you.
You visited 1 branch of the dungeon, and saw 7 of its levels.

You collected 378 gold pieces.

Inventory:

Hand Weapons
 a - a +2 dagger of draining (weapon)
Missiles
 e - 7 throwing nets
 h - 6 atropa-tipped darts
Armour
 k - the +4 moon troll leather armour (worn) {Spirit, Regen++ MP+5}
   (You found it on level 5 of the Dungeon)

   It affects your magic capacity (+5).
   It increases your rate of health regeneration.
 l - a +0 pair of boots (worn)
Jewellery
 q - a ring of fire
 w - a ring of resist corrosion
 x - the ring "Nilahy" {Fire rN+ Str+4}
   (You found it on level 7 of the Dungeon)

   [ring of fire]

   It enhances your fire magic.
   It affects your strength (+4).
   It protects you from fire.
   It makes you vulnerable to cold.
   It protects you from negative energy.
Wands
 p - a wand of polymorph (8)
Scrolls
 b - 2 scrolls of immolation {unknown}
 c - 2 scrolls of brand weapon
 d - 2 scrolls of amnesia
 f - 4 scrolls of teleportation {@r4}
 g - 3 scrolls of noise
 n - a scroll of holy word {unknown}
 o - a scroll of blinking {unknown}
 s - 2 scrolls of identify {@r1}
 u - a scroll of acquirement {unknown}
Potions
 i - a potion of resistance
 m - 3 potions of lignification {unknown}
 r - a potion of berserk rage {unknown}
 t - a potion of magic {unknown}
 v - a potion of flight {unknown}


   Skills:
 + Level 8.9 Fighting
 - Level 10.0 Short Blades
 - Level 1.5 Armour
 + Level 9.3 Dodging
 - Level 7.0 Stealth


You had 9 spell levels left.
You didn't know any spells.
Your spell library was empty.

Dungeon Overview and Level Annotations

Branches:
Dungeon (7/15)             Temple (0/1) D:6

Altars:
Makhleb
Okawaru
Qazlal
Ru
Wu Jian


Innate Abilities, Weirdness & Mutations

You are small and have problems with some larger weapons.
You are completely attuned to the shadows.


Message History

Something hits you!
* * * LOW HITPOINT WARNING * * *
You hit the centaur skeleton.
The centaur skeleton is almost destroyed.
Something barely misses you.
The centaur skeleton closely misses you.
The centaur skeleton completely misses you.
You hit the centaur skeleton but do no damage.
The centaur skeleton is almost destroyed.
Something hits you!
* * * LOW HITPOINT WARNING * * *
You puncture the centaur skeleton!
You destroy the centaur skeleton!
Trog accepts your kill.
You are no longer berserk.
You are exhausted.
You feel yourself slow down. Something closely misses you.
Okay, then.
You feel better. Something closely misses you.
You feel better. Something barely misses you. Something closely misses you.
Something hits you! Something hits you!
A howler monkey zombie comes into view.
Something misses you. Something hits you!
* * * LOW HITPOINT WARNING * * *
Something misses you. Something hits you!
* * * LOW HITPOINT WARNING * * *
There is an open door here.
Something hits you!
* * * LOW HITPOINT WARNING * * *
Something closely misses you.
Something is blocking the doorway!
You are no longer glowing.
Something hits you!
* * * LOW HITPOINT WARNING * * *
Something hits you!
You die...

..♣....#
#..........#
♣.♣....#
#.....######
♣♣.....# #.....#
.......# #.....#
.....### #.....#
####.# #####.....#
#.#
#####...#######
#.# #.#.'...)# #.#
##.@####.#### #)#
#...#.......#
#.####'##.⌠...†.#
#.#888.##..⌠.)..#
#.'....8#...⌠...Z.
###888.##....⌠..##
####+# .⌠...⌠.#


There were no monsters in sight!

Vanquished Creatures
  Harold (D:7)
  A troll (D:7)
  Grinder (D:6)
  2 ice beasts
  3 black bears
  3 ogres
  3 necrophages (D:4)
  2 kobold brigands
  A wyvern zombie (D:6)
  A water moccasin zombie (D:5)
  2 water moccasin skeletons
  4 wights
  A howler monkey (D:4)
  2 hounds
  3 jellies
  4 bullfrog skeletons
  2 centaur skeletons (D:7)
  2 gnoll shamans
  An iguana (D:5)
  An orc wizard (D:3)
  A scorpion zombie (D:5)
  5 gnolls (D:4)
  4 adders
  A shadow imp (D:5)
  An adder skeleton (D:4)
  2 worms
  2 dart slugs
  7 orcs
  6 ball pythons
  5 bats
  4 endoplasms
  2 giant cockroaches
  10 goblins
  8 hobgoblins
  6 jackals
  18 kobolds
  5 quokkas
  2 frilled lizards
  6 rats
135 creatures vanquished.

Notes
Turn   | Place    | Note
-------+----------+-------------------------------------------
     0 | D:1      | freelancePsychic the Kobold Berserker began the quest for
                  | the Orb.
     0 | D:1      | Reached XP level 1. HP: 14/14 MP: 1/1
    89 | D:1      | Reached skill level 1 in Stealth
    97 | D:1      | Reached XP level 2. HP: 19/19 MP: 2/2
   614 | D:1      | Reached XP level 3. HP: 23/23 MP: 3/3
   653 | D:1      | Reached skill level 5 in Short Blades
   919 | D:1      | Found a faded altar of an unknown god.
  1127 | D:2      | Found an ornate altar of the Wu Jian Council.
  1532 | D:2      | Reached ** piety under Trog
  1851 | D:2      | Noticed an ogre
  1855 | D:2      | Killed an ogre
  1856 | D:2      | Reached skill level 7 in Short Blades
  1856 | D:2      | Reached XP level 4. HP: 26/28 MP: 4/4
  1856 | D:2      | Reached XP level 5. HP: 30/32 MP: 5/5
  3114 | D:3      | Reached XP level 6. HP: 37/37 MP: 6/6
  3368 | D:3      | Reached skill level 8 in Short Blades
  3936 | D:4      | Noticed a necrophage
  3946 | D:4      | Killed a necrophage
  3947 | D:4      | Reached skill level 9 in Short Blades
  3947 | D:4      | Reached XP level 7. HP: 41/41 MP: 7/7
  4216 | D:4      | Reached *** piety under Trog
  4217 | D:4      | Reached skill level 10 in Short Blades
  5043 | D:5      | Entered Level 5 of the Dungeon
  5158 | D:5      | Reached skill level 5 in Stealth
  5158 | D:5      | Reached XP level 8. HP: 47/47 MP: 8/8
  5170 | D:5      | Found the +4 moon troll leather armour {Spirit, Regen++
                  | MP+5}
  5268 | D:5      | Found an iron altar of Okawaru.
  5598 | D:5      | Found a stormy altar of Qazlal.
  5598 | D:5      | Found a burning altar of Makhleb.
  5905 | D:6      | Reached skill level 5 in Fighting
  5941 | D:6      | Reached skill level 5 in Dodging
  6026 | D:6      | Reached **** piety under Trog
  6027 | D:6      | Reached XP level 9. HP: 54/54 MP: 9/9
  6356 | D:6      | Found a staircase to the Ecumenical Temple.
  6512 | D:6      | Noticed Grinder
  6519 | D:6      | Killed Grinder
  6980 | D:7      | Noticed Harold
  7002 | D:7      | Killed Harold
  7003 | D:7      | Reached XP level 10. HP: 64/64 MP: 10/10
  7236 | D:7      | Found a sacrificial altar of Ru.
  7366 | D:7      | Identified the ring "Nilahy" {Fire rN+ Str+4}
  7486 | D:7      | Slain by an unseen horror

Illustrated notes

Levels and vault maps discovered:
D:1:      kennysheep_arrival_forest, layout_basic,
          shapermc_ecumenical_altar_mp_highgroup
D:2:      layout_basic, basic_altar
D:3:      layout_loops_corners
D:4:      layout_basic, minmay_three_crescents
D:5:      layout_rooms, okawaru_trees_1, gammafunk_temple_overflow_elements
D:6:      layout_gridville, minmay_temple_entry_glass,
          hangedman_abyss_or_decor_stagger, uniq_grinder
D:7:      minmay_chambers_of_sevens, layout_basic,
          nicolae_ru_sacrificial_ziggurat, chequers_garden, uniq_harold

Skill      XL: |  1  2  3  4  5  6  7  8  9 10 |
---------------+-------------------------------+-----
Stealth        | 1 2 5 7 |  7.0
Short Blades   | 7 9 10 | 10.0
Dodging        | 5 8 9 |  9.3
Fighting       | 5 8 |  8.9
Armour         | |  1.5

Action                   |  1- 3 |  4- 6 |  7- 9 | 10-12 || total
-------------------------+-------+-------+-------+-------++-------
Melee: Short sword       |   103 |       |       |       ||   103
       Dagger            |     1 |    74 |   218 |    75 ||   368
Invok: Berserk           |     4 |     4 |     8 |     2 ||    18
       Trog's Hand       |       |       |     1 |       ||     1
  Use: Scroll            |       |       |     6 |       ||     6
       Potion            |       |       |       |     2 ||     2
 Stab: Sleeping          |    15 |    15 |    17 |     3 ||    50
       Distracted        |     1 |     1 |     1 |       ||     3
Armor: Animal skin       |    11 |     2 |     3 |       ||    16
       Troll leather arm |       |       |    33 |     2 ||    35
Dodge: Dodged            |    57 |    27 |    78 |    56 ||   218

Table legend: (Time is in decaauts)
 A = Elapsed time spent in this place.
 B = Non-inter-level travel time spent in this place.
 C = Inter-level travel time spent in this place.
 D = Time resting spent in this place.
 E = Time spent auto-exploring this place.
 F = Levels seen in this place.
 G = Mean time per level.
                   A        B        C        D        E       F      G
               +--------+--------+--------+--------+--------+-----+--------+
         Total |   7464 |   7294 |    170 |    720 |   5728 |   7 | 1066.3 |
       Dungeon |   7464 |   7294 |    170 |    720 |   5728 |   7 | 1066.3 |
               +--------+--------+--------+--------+--------+-----+--------+

Top non-repeatable levels by time:
     D:4: 1401 daAuts
     D:3: 1326 daAuts
     D:2: 1317 daAuts
     D:1: 1037 daAuts
     D:6: 1030 daAuts
     D:5: 777 daAuts
     D:7: 574 daAuts
